Wild vs Canucks

Created - February 12 2008 at 18:47

Goals
1 2 3 T
Wild 1 1 2 4
Canucks 0 0 2 2
Shots
1 2 3 T
Wild 11 14 12 37
Canucks 5 10 12 27

Period #1

1. Wild , Chris Higgins 7 (Olli Jokinen, Manny Fernandez) at 17:50 (PP)

Penalties :
Olli Jokinen (MIN) for High sticking (Minor) at 0:24, Colby Armstrong (VAN) for Tripping (Minor) at 2:46, Mike Commodore (VAN) for Interference (Minor) at 5:12, Mike Commodore (VAN) for Interference (Minor) at 9:10, Ron Hainsey (VAN) for Roughing (Minor) at 16:56, Ray Whitney (MIN) for Interference (Minor) at 19:36, Philippe Boucher (MIN) for Hooking (Minor) at 19:55

Period #2

2. Wild , Sean Hill 8 (Olli Jokinen, Michal Rozsival) at 8:18 (PP)

Penalties :
Steven Reinprecht (VAN) for Diving (Minor) at 8:01, Matt Cullen (VAN) for Goalie Interference (Minor) at 10:11

Period #3

3. Canucks , Martin Havlat 17 (Matt Cullen, Ron Hainsey) at 7:51
4. Canucks , Nik Antropov 4 (Martin Havlat, Ron Hainsey) at 13:50
5. Wild , Ray Whitney 18 (Joe Sakic, Philippe Boucher) at 16:39
6. Wild , Mikael Samuelsson 12 (Rod Brind'Amour) at 19:25 (Empty Net)

Penalties :
No Penalty

Goalie Stats

Manny Fernandez (MIN), 25 saves from 27 shots - (0.926), W, 8-13-3, 60:00 minutes
Evgeni Nabokov (VAN), 33 saves from 36 shots - (0.917), L, 24-28-1, 59:35 minutes

Players Stats

Wild
Player Name              G  A  P  +/- PIM S  H  SB FO MP 
-----------------------------------------------------------
Brian Rolston            0  0  0   0  0   0  0  0  0  3  
Chris Higgins            1  0  1  -1  0   3  1  0  1  19 
Chris Simon              0  0  0  -1  0   0  0  0  0  2  
Duncan Keith             0  0  0   0  0   0  0  0  0  22 
Joe Sakic                0  1  1   0  0   5  0  0  29 21 
Jozef Stumpel            0  0  0   0  0   2  1  0  1  21 
Kim Johnsson             0  0  0   0  0   0  1  0  0  3  
Marian Gaborik           0  0  0  -1  0   3  4  0  3  21 
Mathieu Schneider        0  0  0   0  0   3  1  0  0  22 
Michal Rozsival          0  1  1   0  0   1  1  0  0  22 
Mikael Samuelsson        1  0  1   1  0   2  0  0  1  15 
Niclas Havelid           0  0  0   0  0   0  0  1  0  14 
Olli Jokinen             0  2  2   0  2   5  1  0  29 21 
Patrick Rissmiller       0  0  0   0  0   2  3  0  2  22 
Philippe Boucher         0  1  1   0  2   0  2  1  0  22 
Ray Whitney              1  0  1   0  2   5  1  0  0  21 
Rod Brind'Amour          0  1  1   1  0   3  1  0  34 21 
Sean Hill                1  0  1   1  0   3  5  1  0  20 
Canucks
Player Name              G  A  P  +/- PIM S  H  SB FO MP 
-----------------------------------------------------------
Anders Eriksson          0  0  0  -1  0   0  1  2  0  18 
Brad Richardson          0  0  0   1  0   0  1  0  2  12 
Colby Armstrong          0  0  0  -1  2   1  0  1  0  16 
Dan Hamhuis              0  0  0   2  0   0  2  3  0  23 
Jarret Stoll             0  0  0  -1  0   2  1  0  32 23 
Marc-Edouard Vlasic      0  0  0  -1  0   1  0  2  0  24 
Martin Havlat            1  1  2   2  0   3  0  0  4  22 
Martin Skoula            0  0  0   0  0   0  0  0  0  6  
Matt Cullen              0  1  1   0  2   2  2  0  29 18 
Mike Commodore           0  0  0  -1  4   0  2  1  0  19 
Milan Michalek           0  0  0  -1  0   4  1  0  0  21 
Nik Antropov             1  0  1   1  0   3  0  0  20 15 
Ron Hainsey              0  2  2   2  2   0  2  1  0  18 
Ryan Malone              0  0  0  -1  0   2  0  0  1  14 
Scott Walker             0  0  0   1  0   1  2  0  1  17 
Sergei Fedorov           0  0  0  -1  0   0  2  0  0  18 
Steve Bernier            0  0  0  -1  0   6  1  0  1  19 
Steven Reinprecht        0  0  0   0  2   2  0  0  10 6  

3 Stars

1 - Martin Havlat (VAN)
2 - Sean Hill (MIN)
3 - Ron Hainsey (VAN)

Power Play

Wild - 2 on 6 Attempt(s) - 33.33%
Canucks - 0 on 3 Attempt(s) - 0.00%

Penalty Kill

Wild - 3 on 3 Attempt(s) - 100.00% - Score 0 goal in Penalty Kill
Canucks - 4 on 6 Attempt(s) - 66.67% - Score 0 goal in Penalty Kill

Game Notes

Mikael Samuelsson has scored in a empty net!

Finance

Level 1 -- Attendance: 5225 (80.38%) -- Ticket Income $418,000.00
Level 2 -- Attendance: 2673 (48.60%) -- Ticket Income $173,745.00
Level 3 -- Attendance: 859 (40.08%) -- Ticket Income $42,950.00
Level 4 -- Attendance: 2190 (54.75%) -- Ticket Income $54,750.00
Luxury Box -- Attendance: 493 (49.30%) -- Ticket Income $123,250.00
Game was played at the General Motors Place
Total Attendance: 11440 (59.76%)
Total Ticket Income: $850,365.10
Other Income: $114,621.60
Total Income: $964,987.00


Play by Play

Period #1

0:01 of 1st period - Jarret Stoll wins face-off versus Joe Sakic in neutral zone.
0:04 of 1st period - Shot by Jarret Stoll.
0:04 of 1st period - Shot Blocked by Philippe Boucher.
0:18 of 1st period - Shot by Ray Whitney.
0:18 of 1st period - Shot Misses the Net.
0:20 of 1st period - Shot by Mathieu Schneider.
0:20 of 1st period - Shot Blocked by Marc-Edouard Vlasic.
0:22 of 1st period - Shot by Patrick Rissmiller.
0:22 of 1st period - Stopped by Evgeni Nabokov without a rebound.
0:23 of 1st period - Nik Antropov wins face-off versus Olli Jokinen in Canucks zone.
0:23 of 1st period - Nik Antropov is hit by Chris Higgins.
0:24 of 1st period - Minor Penalty to Olli Jokinen for High sticking.
0:25 of 1st period - Rod Brind'Amour wins face-off versus Nik Antropov in Canucks zone.
0:32 of 1st period - Shot by Jozef Stumpel.
0:32 of 1st period - Shot Misses the Net.
0:52 of 1st period - Shot by Nik Antropov.
0:52 of 1st period - Stopped by Manny Fernandez without a rebound.
0:53 of 1st period - Rod Brind'Amour wins face-off versus Steve Bernier in Wild zone.
0:59 of 1st period - Icing by Anders Eriksson.
1:00 of 1st period - Jarret Stoll wins face-off versus Rod Brind'Amour in Canucks zone.
1:04 of 1st period - Icing by Martin Havlat.
1:05 of 1st period - Rod Brind'Amour wins face-off versus Martin Havlat in Canucks zone.
1:09 of 1st period - Icing by Anders Eriksson.
1:10 of 1st period - Jarret Stoll wins face-off versus Rod Brind'Amour in Canucks zone.
1:42 of 1st period - Shot by Steve Bernier.
1:42 of 1st period - Stopped by Manny Fernandez without a rebound.
1:43 of 1st period - Nik Antropov wins face-off versus Rod Brind'Amour in Wild zone.
2:00 of 1st period - Shot by Nik Antropov.
2:00 of 1st period - Shot Misses the Net.
2:39 of 1st period - Shot by Joe Sakic.
2:39 of 1st period - Stopped by Evgeni Nabokov without a rebound.
2:40 of 1st period - Matt Cullen wins face-off versus Marian Gaborik in Canucks zone.
2:44 of 1st period - Sergei Fedorov is hit by Michal Rozsival and loses puck.
2:46 of 1st period - Minor Penalty to Colby Armstrong for Tripping.
2:47 of 1st period - Joe Sakic wins face-off versus Jarret Stoll in Wild zone.
2:56 of 1st period - Mike Commodore is hit by Ray Whitney and loses puck.
3:36 of 1st period - Icing by Joe Sakic.
3:37 of 1st period - Matt Cullen wins face-off versus Joe Sakic in Wild zone.
3:37 of 1st period - Martin Havlat is hit by Philippe Boucher and loses puck.
3:41 of 1st period - Icing by Marian Gaborik.
3:42 of 1st period - Joe Sakic wins face-off versus Jarret Stoll in Wild zone.
4:01 of 1st period - Shot by Mathieu Schneider.
4:01 of 1st period - Stopped by Evgeni Nabokov without a rebound.
4:02 of 1st period - Olli Jokinen wins face-off versus Matt Cullen in Canucks zone.
4:11 of 1st period - Shot by Mathieu Schneider.
4:11 of 1st period - Shot Misses the Net.
4:13 of 1st period - Shot by Michal Rozsival.
4:13 of 1st period - Shot Blocked by Anders Eriksson.
4:15 of 1st period - Shot by Michal Rozsival.
4:15 of 1st period - Shot Misses the Net.
4:17 of 1st period - Shot by Olli Jokinen.
4:17 of 1st period - Shot Misses the Net.
4:21 of 1st period - Shot by Olli Jokinen.
4:21 of 1st period - Shot Misses the Net.
4:25 of 1st period - Shot by Olli Jokinen.
4:25 of 1st period - Stopped by Evgeni Nabokov with a rebound.
4:31 of 1st period - Shot by Chris Higgins.
4:31 of 1st period - Shot Misses the Net.
4:52 of 1st period - Icing by Marc-Edouard Vlasic.
4:53 of 1st period - Rod Brind'Amour wins face-off versus Jarret Stoll in Canucks zone.
4:59 of 1st period - Jozef Stumpel is hit by Mike Commodore and loses puck.
5:03 of 1st period - Icing by Marc-Edouard Vlasic.
5:04 of 1st period - Jarret Stoll wins face-off versus Rod Brind'Amour in Canucks zone.
5:12 of 1st period - Minor Penalty to Mike Commodore for Interference.
5:13 of 1st period - Jarret Stoll wins face-off versus Joe Sakic in Canucks zone.
6:06 of 1st period - Shot by Mathieu Schneider.
6:06 of 1st period - Shot Misses the Net.
6:10 of 1st period - Shot by Chris Higgins.
6:10 of 1st period - Shot Misses the Net.
6:12 of 1st period - Shot by Patrick Rissmiller.
6:12 of 1st period - Stopped by Evgeni Nabokov without a rebound.
6:13 of 1st period - Matt Cullen wins face-off versus Olli Jokinen in Canucks zone.
6:32 of 1st period - Shot by Mathieu Schneider.
6:32 of 1st period - Stopped by Evgeni Nabokov without a rebound.
6:33 of 1st period - Matt Cullen wins face-off versus Joe Sakic in Canucks zone.
7:00 of 1st period - Shot by Ray Whitney.
7:00 of 1st period - Stopped by Evgeni Nabokov without a rebound.
7:01 of 1st period - Olli Jokinen wins face-off versus Jarret Stoll in Canucks zone.
7:36 of 1st period - Shot by Mikael Samuelsson.
7:36 of 1st period - Shot Blocked by Dan Hamhuis.
7:38 of 1st period - Shot by Jozef Stumpel.
7:38 of 1st period - Shot Blocked by Dan Hamhuis.
7:49 of 1st period - Mikael Samuelsson is hit by Dan Hamhuis and loses puck.
9:03 of 1st period - Shot by Marc-Edouard Vlasic.
9:03 of 1st period - Stopped by Manny Fernandez without a rebound.
9:04 of 1st period - Olli Jokinen wins face-off versus Jarret Stoll in Wild zone.
9:10 of 1st period - Minor Penalty to Mike Commodore for Interference.
9:11 of 1st period - Jarret Stoll wins face-off versus Joe Sakic in Canucks zone.
9:28 of 1st period - Shot by Marian Gaborik.
9:28 of 1st period - Stopped by Evgeni Nabokov without a rebound.
9:29 of 1st period - Olli Jokinen wins face-off versus Jarret Stoll in Canucks zone.
10:37 of 1st period - Icing by Marian Gaborik.
10:38 of 1st period - Joe Sakic wins face-off versus Matt Cullen in Wild zone.
11:14 of 1st period - Jozef Stumpel is hit by Sergei Fedorov and loses puck.
11:40 of 1st period - Mikael Samuelsson is hit by Ron Hainsey and loses puck.
12:10 of 1st period - Icing by Marian Gaborik.
12:11 of 1st period - Olli Jokinen wins face-off versus Jarret Stoll in Wild zone.
13:49 of 1st period - Matt Cullen is hit by Sean Hill and loses puck.
14:00 of 1st period - Shot by Matt Cullen.
14:00 of 1st period - Shot Misses the Net.
14:13 of 1st period - Icing by Duncan Keith.
14:14 of 1st period - Nik Antropov wins face-off versus Rod Brind'Amour in Wild zone.
14:37 of 1st period - Shot by Martin Havlat.
14:37 of 1st period - Stopped by Manny Fernandez without a rebound.
14:38 of 1st period - Olli Jokinen wins face-off versus Steven Reinprecht in Wild zone.
15:04 of 1st period - Marian Gaborik is hit by Brad Richardson.
15:13 of 1st period - Icing by Michal Rozsival.
15:14 of 1st period - Matt Cullen wins face-off versus Olli Jokinen in Wild zone.
15:24 of 1st period - Icing by Niclas Havelid.
15:25 of 1st period - Jarret Stoll wins face-off versus Olli Jokinen in Wild zone.
15:40 of 1st period - Milan Michalek is hit by Marian Gaborik and loses puck.
16:14 of 1st period - Icing by Patrick Rissmiller.
16:15 of 1st period - Joe Sakic wins face-off versus Matt Cullen in Wild zone.
16:47 of 1st period - Icing by Mathieu Schneider.
16:48 of 1st period - Joe Sakic wins face-off versus Nik Antropov in Wild zone.
16:56 of 1st period - Minor Penalty to Ron Hainsey for Roughing.
16:57 of 1st period - Jarret Stoll wins face-off versus Olli Jokinen in Canucks zone.
17:02 of 1st period - Shot by Olli Jokinen.
17:02 of 1st period - Stopped by Evgeni Nabokov without a rebound.
17:03 of 1st period - Matt Cullen wins face-off versus Joe Sakic in Canucks zone.
17:03 of 1st period - Matt Cullen is hit by Marian Gaborik.
17:50 of 1st period - Shot by Chris Higgins.
17:50 of 1st period - Goal by Chris Higgins - Wild : 1 - Canucks : 0.
17:51 of 1st period - Rod Brind'Amour wins face-off versus Nik Antropov in neutral zone.
18:01 of 1st period - Off-side.
18:02 of 1st period - Jarret Stoll wins face-off versus Rod Brind'Amour in neutral zone.
18:15 of 1st period - Shot by Milan Michalek.
18:15 of 1st period - Stopped by Manny Fernandez without a rebound.
18:16 of 1st period - Nik Antropov wins face-off versus Olli Jokinen in Wild zone.
19:13 of 1st period - Shot by Rod Brind'Amour.
19:13 of 1st period - Stopped by Evgeni Nabokov with a rebound.
19:36 of 1st period - Minor Penalty to Ray Whitney for Interference.
19:37 of 1st period - Nik Antropov wins face-off versus Rod Brind'Amour in Canucks zone.
19:37 of 1st period - Nik Antropov is hit by Patrick Rissmiller.
19:40 of 1st period - Milan Michalek is hit by Patrick Rissmiller and loses puck.
19:45 of 1st period - Rod Brind'Amour is hit by Scott Walker and loses puck.
19:55 of 1st period - Minor Penalty to Philippe Boucher for Hooking.
19:56 of 1st period - Olli Jokinen wins face-off versus Martin Havlat in Wild zone.

Period #2

0:01 of 2nd period - Nik Antropov wins face-off versus Rod Brind'Amour in neutral zone.
0:16 of 2nd period - Shot by Milan Michalek.
0:16 of 2nd period - Stopped by Manny Fernandez without a rebound.
0:17 of 2nd period - Jarret Stoll wins face-off versus Olli Jokinen in Wild zone.
0:32 of 2nd period - Shot by Martin Havlat.
0:32 of 2nd period - Stopped by Manny Fernandez without a rebound.
0:33 of 2nd period - Nik Antropov wins face-off versus Olli Jokinen in Wild zone.
2:06 of 2nd period - Shot by Martin Havlat.
2:06 of 2nd period - Deflect By Steven Reinprecht.
2:06 of 2nd period - Stopped by Manny Fernandez with a rebound.
2:26 of 2nd period - Martin Havlat is hit by Kim Johnsson and loses puck.
2:53 of 2nd period - Icing by Philippe Boucher.
2:54 of 2nd period - Joe Sakic wins face-off versus Matt Cullen in Wild zone.
3:14 of 2nd period - Off-side.
3:15 of 2nd period - Jarret Stoll wins face-off versus Olli Jokinen in neutral zone.
5:45 of 2nd period - Martin Havlat is hit by Philippe Boucher and loses puck.
6:03 of 2nd period - Joe Sakic is hit by Ron Hainsey.
6:23 of 2nd period - Shot by Joe Sakic.
6:23 of 2nd period - Stopped by Evgeni Nabokov without a rebound.
6:24 of 2nd period - Ryan Malone wins face-off versus Olli Jokinen in Canucks zone.
7:37 of 2nd period - Icing by Ray Whitney.
7:38 of 2nd period - Joe Sakic wins face-off versus Steven Reinprecht in Wild zone.
7:40 of 2nd period - Icing by Ray Whitney.
7:41 of 2nd period - Steven Reinprecht wins face-off versus Joe Sakic in Wild zone.
8:01 of 2nd period - Minor Penalty to Steven Reinprecht for Diving.
8:02 of 2nd period - Olli Jokinen wins face-off versus Matt Cullen in Wild zone.
8:02 of 2nd period - Olli Jokinen is hit by Matt Cullen.
8:14 of 2nd period - Shot by Olli Jokinen.
8:14 of 2nd period - Shot Misses the Net.
8:16 of 2nd period - Shot by Sean Hill.
8:16 of 2nd period - Shot Blocked by Dan Hamhuis.
8:18 of 2nd period - Shot by Sean Hill.
8:18 of 2nd period - Goal by Sean Hill - Wild : 2 - Canucks : 0.
8:19 of 2nd period - Matt Cullen wins face-off versus Rod Brind'Amour in neutral zone.
8:22 of 2nd period - Shot by Colby Armstrong.
8:22 of 2nd period - Stopped by Manny Fernandez without a rebound.
8:23 of 2nd period - Olli Jokinen wins face-off versus Jarret Stoll in Wild zone.
8:42 of 2nd period - Shot by Olli Jokinen.
8:42 of 2nd period - Stopped by Evgeni Nabokov with a rebound.
8:44 of 2nd period - Shot by Olli Jokinen.
8:44 of 2nd period - Stopped by Evgeni Nabokov without a rebound.
8:45 of 2nd period - Rod Brind'Amour wins face-off versus Matt Cullen in Canucks zone.
8:46 of 2nd period - Shot by Jozef Stumpel.
8:46 of 2nd period - Stopped by Evgeni Nabokov without a rebound.
8:47 of 2nd period - Rod Brind'Amour wins face-off versus Matt Cullen in Canucks zone.
8:49 of 2nd period - Mikael Samuelsson is hit by Anders Eriksson and loses puck.
9:08 of 2nd period - Shot by Rod Brind'Amour.
9:08 of 2nd period - Shot Misses the Net.
9:10 of 2nd period - Shot by Sean Hill.
9:10 of 2nd period - Stopped by Evgeni Nabokov without a rebound.
9:11 of 2nd period - Nik Antropov wins face-off versus Joe Sakic in Canucks zone.
9:53 of 2nd period - Off-side.
9:54 of 2nd period - Jarret Stoll wins face-off versus Olli Jokinen in neutral zone.
9:56 of 2nd period - Off-side.
9:57 of 2nd period - Jarret Stoll wins face-off versus Olli Jokinen in neutral zone.
10:04 of 2nd period - Shot by Steve Bernier.
10:04 of 2nd period - Stopped by Manny Fernandez without a rebound.
10:05 of 2nd period - Matt Cullen wins face-off versus Rod Brind'Amour in Wild zone.
10:11 of 2nd period - Minor Penalty to Matt Cullen for Goalie Interference.
10:12 of 2nd period - Olli Jokinen wins face-off versus Jarret Stoll in neutral zone.
10:43 of 2nd period - Shot by Mathieu Schneider.
10:43 of 2nd period - Stopped by Evgeni Nabokov without a rebound.
10:44 of 2nd period - Joe Sakic wins face-off versus Martin Havlat in Canucks zone.
10:55 of 2nd period - Shot by Joe Sakic.
10:55 of 2nd period - Stopped by Evgeni Nabokov without a rebound.
10:56 of 2nd period - Joe Sakic wins face-off versus Brad Richardson in Canucks zone.
11:13 of 2nd period - Shot by Joe Sakic.
11:13 of 2nd period - Shot Misses the Net.
11:33 of 2nd period - Shot by Marian Gaborik.
11:33 of 2nd period - Shot Blocked by Colby Armstrong.
12:11 of 2nd period - Shot by Chris Higgins.
12:11 of 2nd period - Stopped by Evgeni Nabokov without a rebound.
12:12 of 2nd period - Nik Antropov wins face-off versus Rod Brind'Amour in Canucks zone.
12:12 of 2nd period - Nik Antropov is hit by Rod Brind'Amour.
12:23 of 2nd period - Nik Antropov is hit by Sean Hill and loses puck.
12:27 of 2nd period - Scott Walker is hit by Sean Hill and loses puck.
13:24 of 2nd period - Shot by Steve Bernier.
13:24 of 2nd period - Stopped by Manny Fernandez with a rebound.
13:35 of 2nd period - Shot by Olli Jokinen.
13:35 of 2nd period - Shot Blocked by Marc-Edouard Vlasic.
13:37 of 2nd period - Shot by Marian Gaborik.
13:37 of 2nd period - Shot Blocked by Mike Commodore.
13:39 of 2nd period - Shot by Michal Rozsival.
13:39 of 2nd period - Stopped by Evgeni Nabokov without a rebound.
13:40 of 2nd period - Joe Sakic wins face-off versus Matt Cullen in Canucks zone.
13:52 of 2nd period - Off-side.
13:53 of 2nd period - Joe Sakic wins face-off versus Matt Cullen in neutral zone.
13:53 of 2nd period - Joe Sakic is hit by Matt Cullen.
14:06 of 2nd period - Shot by Ryan Malone.
14:06 of 2nd period - Deflect By Matt Cullen.
14:06 of 2nd period - Stopped by Manny Fernandez without a rebound.
14:07 of 2nd period - Rod Brind'Amour wins face-off versus Nik Antropov in Wild zone.
14:31 of 2nd period - Icing by Sean Hill.
14:32 of 2nd period - Matt Cullen wins face-off versus Rod Brind'Amour in Wild zone.
14:47 of 2nd period - Shot by Ryan Malone.
14:47 of 2nd period - Stopped by Manny Fernandez without a rebound.
14:48 of 2nd period - Joe Sakic wins face-off versus Jarret Stoll in Wild zone.
15:23 of 2nd period - Off-side.
15:24 of 2nd period - Matt Cullen wins face-off versus Olli Jokinen in neutral zone.
16:07 of 2nd period - Shot by Marian Gaborik.
16:07 of 2nd period - Stopped by Evgeni Nabokov with a rebound.
16:41 of 2nd period - Shot by Mikael Samuelsson.
16:41 of 2nd period - Shot Misses the Net.
16:43 of 2nd period - Shot by Sean Hill.
16:43 of 2nd period - Deflect By Rod Brind'Amour.
16:43 of 2nd period - Stopped by Evgeni Nabokov with a rebound.
16:47 of 2nd period - Shot by Mikael Samuelsson.
16:47 of 2nd period - Stopped by Evgeni Nabokov without a rebound.
16:48 of 2nd period - Joe Sakic wins face-off versus Jarret Stoll in Canucks zone.
16:52 of 2nd period - Icing by Marc-Edouard Vlasic.
16:53 of 2nd period - Jarret Stoll wins face-off versus Joe Sakic in Canucks zone.
17:16 of 2nd period - Shot by Milan Michalek.
17:16 of 2nd period - Stopped by Manny Fernandez without a rebound.
17:17 of 2nd period - Nik Antropov wins face-off versus Olli Jokinen in Wild zone.
17:22 of 2nd period - Shot by Scott Walker.
17:22 of 2nd period - Stopped by Manny Fernandez without a rebound.
17:23 of 2nd period - Steven Reinprecht wins face-off versus Rod Brind'Amour in Wild zone.
17:47 of 2nd period - Icing by Martin Skoula.
17:48 of 2nd period - Steven Reinprecht wins face-off versus Joe Sakic in Canucks zone.
18:32 of 2nd period - Shot by Ray Whitney.
18:32 of 2nd period - Shot Misses the Net.
18:43 of 2nd period - Icing by Mike Commodore.
18:44 of 2nd period - Olli Jokinen wins face-off versus Jarret Stoll in Canucks zone.
19:29 of 2nd period - Shot by Marian Gaborik.
19:29 of 2nd period - Stopped by Evgeni Nabokov without a rebound.
19:30 of 2nd period - Nik Antropov wins face-off versus Mikael Samuelsson in Canucks zone.

Period #3

0:01 of 3rd period - Rod Brind'Amour wins face-off versus Matt Cullen in neutral zone.
0:04 of 3rd period - Shot by Mikael Samuelsson.
0:04 of 3rd period - Deflect By Rod Brind'Amour.
0:04 of 3rd period - Shot Blocked by Anders Eriksson.
0:08 of 3rd period - Shot by Jozef Stumpel.
0:08 of 3rd period - Stopped by Evgeni Nabokov without a rebound.
0:09 of 3rd period - Joe Sakic wins face-off versus Steven Reinprecht in Canucks zone.
0:10 of 3rd period - Shot by Ray Whitney.
0:10 of 3rd period - Stopped by Evgeni Nabokov without a rebound.
0:11 of 3rd period - Rod Brind'Amour wins face-off versus Matt Cullen in Canucks zone.
0:11 of 3rd period - Rod Brind'Amour is hit by Sergei Fedorov.
0:20 of 3rd period - Icing by Matt Cullen.
0:21 of 3rd period - Joe Sakic wins face-off versus Matt Cullen in Canucks zone.
0:32 of 3rd period - Shot by Joe Sakic.
0:32 of 3rd period - Stopped by Evgeni Nabokov without a rebound.
0:33 of 3rd period - Joe Sakic wins face-off versus Steven Reinprecht in Canucks zone.
0:45 of 3rd period - Ray Whitney is hit by Dan Hamhuis and loses puck.
1:38 of 3rd period - Shot by Olli Jokinen.
1:38 of 3rd period - Shot Misses the Net.
1:40 of 3rd period - Shot by Olli Jokinen.
1:40 of 3rd period - Stopped by Evgeni Nabokov with a rebound.
1:42 of 3rd period - Shot by Michal Rozsival.
1:42 of 3rd period - Shot Misses the Net.
1:44 of 3rd period - Shot by Sean Hill.
1:44 of 3rd period - Stopped by Evgeni Nabokov without a rebound.
1:45 of 3rd period - Nik Antropov wins face-off versus Rod Brind'Amour in Canucks zone.
1:45 of 3rd period - Nik Antropov is hit by Olli Jokinen.
2:12 of 3rd period - Rod Brind'Amour is hit by Scott Walker and loses puck.
3:13 of 3rd period - Shot by Duncan Keith.
3:13 of 3rd period - Shot Misses the Net.
3:34 of 3rd period - Shot by Chris Higgins.
3:34 of 3rd period - Stopped by Evgeni Nabokov without a rebound.
3:35 of 3rd period - Joe Sakic wins face-off versus Scott Walker in Canucks zone.
4:38 of 3rd period - Matt Cullen is hit by Marian Gaborik.
6:14 of 3rd period - Shot by Joe Sakic.
6:14 of 3rd period - Shot Misses the Net.
6:18 of 3rd period - Shot by Ray Whitney.
6:18 of 3rd period - Stopped by Evgeni Nabokov without a rebound.
6:19 of 3rd period - Rod Brind'Amour wins face-off versus Martin Havlat in Canucks zone.
6:33 of 3rd period - Martin Havlat is hit by Sean Hill and loses puck.
6:42 of 3rd period - Shot by Steve Bernier.
6:42 of 3rd period - Stopped by Manny Fernandez with a rebound.
6:44 of 3rd period - Shot by Steve Bernier.
6:44 of 3rd period - Stopped by Manny Fernandez with a rebound.
7:10 of 3rd period - Scott Walker is hit by Patrick Rissmiller.
7:26 of 3rd period - Shot by Ray Whitney.
7:26 of 3rd period - Stopped by Evgeni Nabokov without a rebound.
7:27 of 3rd period - Brad Richardson wins face-off versus Marian Gaborik in Canucks zone.
7:27 of 3rd period - Brad Richardson is hit by Marian Gaborik.
7:36 of 3rd period - Matt Cullen is hit by Jozef Stumpel and loses puck.
7:49 of 3rd period - Shot by Martin Havlat.
7:49 of 3rd period - Shot Misses the Net.
7:51 of 3rd period - Shot by Martin Havlat.
7:51 of 3rd period - Goal by Martin Havlat - Wild : 2 - Canucks : 1.
7:52 of 3rd period - Matt Cullen wins face-off versus Olli Jokinen in neutral zone.
8:13 of 3rd period - Shot by Colby Armstrong.
8:13 of 3rd period - Shot Misses the Net.
8:15 of 3rd period - Shot by Matt Cullen.
8:15 of 3rd period - Shot Blocked by Niclas Havelid.
8:24 of 3rd period - Off-side.
8:25 of 3rd period - Rod Brind'Amour wins face-off versus Steven Reinprecht in neutral zone.
8:41 of 3rd period - Icing by Rod Brind'Amour.
8:42 of 3rd period - Rod Brind'Amour wins face-off versus Jarret Stoll in Wild zone.
8:58 of 3rd period - Icing by Jozef Stumpel.
8:59 of 3rd period - Rod Brind'Amour wins face-off versus Nik Antropov in Wild zone.
9:17 of 3rd period - Scott Walker is hit by Sean Hill.
9:47 of 3rd period - Shot by Ray Whitney.
9:47 of 3rd period - Shot Blocked by Ron Hainsey.
9:49 of 3rd period - Shot by Mathieu Schneider.
9:49 of 3rd period - Shot Misses the Net.
10:14 of 3rd period - Icing by Mathieu Schneider.
10:15 of 3rd period - Jarret Stoll wins face-off versus Joe Sakic in Wild zone.
11:40 of 3rd period - Icing by Niclas Havelid.
11:41 of 3rd period - Chris Higgins wins face-off versus Steven Reinprecht in Wild zone.
12:02 of 3rd period - Shot by Steven Reinprecht.
12:02 of 3rd period - Stopped by Manny Fernandez without a rebound.
12:03 of 3rd period - Rod Brind'Amour wins face-off versus Matt Cullen in Wild zone.
12:20 of 3rd period - Shot by Jozef Stumpel.
12:20 of 3rd period - Deflect By Mikael Samuelsson.
12:20 of 3rd period - Shot Misses the Net.
12:48 of 3rd period - Shot by Jarret Stoll.
12:48 of 3rd period - Stopped by Manny Fernandez with a rebound.
12:52 of 3rd period - Shot by Milan Michalek.
12:52 of 3rd period - Shot Misses the Net.
13:17 of 3rd period - Ray Whitney is hit by Milan Michalek and loses puck.
13:29 of 3rd period - Mathieu Schneider is hit by Mike Commodore and loses puck.
13:50 of 3rd period - Shot by Nik Antropov.
13:50 of 3rd period - Goal by Nik Antropov - Wild : 2 - Canucks : 2.
13:51 of 3rd period - Olli Jokinen wins face-off versus Steven Reinprecht in neutral zone.
14:04 of 3rd period - Shot by Chris Higgins.
14:04 of 3rd period - Shot Misses the Net.
14:20 of 3rd period - Off-side.
14:21 of 3rd period - Matt Cullen wins face-off versus Rod Brind'Amour in neutral zone.
14:26 of 3rd period - Shot by Colby Armstrong.
14:26 of 3rd period - Shot Misses the Net.
14:30 of 3rd period - Shot by Matt Cullen.
14:30 of 3rd period - Shot Misses the Net.
14:32 of 3rd period - Shot by Colby Armstrong.
14:32 of 3rd period - Shot Misses the Net.
14:34 of 3rd period - Shot by Matt Cullen.
14:34 of 3rd period - Shot Blocked by Sean Hill.
14:36 of 3rd period - Shot by Ryan Malone.
14:36 of 3rd period - Stopped by Manny Fernandez with a rebound.
15:13 of 3rd period - Icing by Rod Brind'Amour.
15:14 of 3rd period - Jarret Stoll wins face-off versus Rod Brind'Amour in Wild zone.
15:25 of 3rd period - Shot by Milan Michalek.
15:25 of 3rd period - Stopped by Manny Fernandez without a rebound.
15:26 of 3rd period - Nik Antropov wins face-off versus Patrick Rissmiller in Wild zone.
15:33 of 3rd period - Shot by Nik Antropov.
15:33 of 3rd period - Stopped by Manny Fernandez without a rebound.
15:34 of 3rd period - Jarret Stoll wins face-off versus Olli Jokinen in Wild zone.
15:37 of 3rd period - Shot by Milan Michalek.
15:37 of 3rd period - Shot Misses the Net.
16:29 of 3rd period - Shot by Ray Whitney.
16:29 of 3rd period - Shot Misses the Net.
16:39 of 3rd period - Shot by Ray Whitney.
16:39 of 3rd period - Goal by Ray Whitney - Wild : 3 - Canucks : 2.
16:40 of 3rd period - Nik Antropov wins face-off versus Patrick Rissmiller in neutral zone.
16:59 of 3rd period - Shot by Joe Sakic.
16:59 of 3rd period - Stopped by Evgeni Nabokov without a rebound.
17:00 of 3rd period - Rod Brind'Amour wins face-off versus Matt Cullen in Canucks zone.
17:35 of 3rd period - Shot by Matt Cullen.
17:35 of 3rd period - Stopped by Manny Fernandez without a rebound.
17:36 of 3rd period - Joe Sakic wins face-off versus Nik Antropov in Wild zone.
18:00 of 3rd period - Scott Walker is hit by Mathieu Schneider and loses puck.
18:35 of 3rd period - Off-side.
18:36 of 3rd period - Rod Brind'Amour wins face-off versus Matt Cullen in neutral zone.
18:41 of 3rd period - Shot by Rod Brind'Amour.
18:41 of 3rd period - Stopped by Evgeni Nabokov without a rebound.
18:42 of 3rd period - Jarret Stoll wins face-off versus Marian Gaborik in Canucks zone.
18:47 of 3rd period - Chris Higgins is hit by Steve Bernier and loses puck.
19:00 of 3rd period - Canucks, Evgeni Nabokov is pulled from the net.
19:02 of 3rd period - Shot by Milan Michalek.
19:02 of 3rd period - Shot Misses the Net.
19:04 of 3rd period - Shot by Milan Michalek.
19:04 of 3rd period - Deflect By Steve Bernier.
19:04 of 3rd period - Stopped by Manny Fernandez without a rebound.
19:05 of 3rd period - Jozef Stumpel wins face-off versus Matt Cullen in Wild zone.
19:25 of 3rd period - Shot by Mikael Samuelsson.
19:25 of 3rd period - Goal by Mikael Samuelsson - Wild : 4 - Canucks : 2.
19:25 of 3rd period - Evgeni Nabokov from Canucks was sent back in the game.
19:26 of 3rd period - Jarret Stoll wins face-off versus Olli Jokinen in neutral zone.
19:29 of 3rd period - Olli Jokinen is hit by Jarret Stoll and loses puck.
19:56 of 3rd period - Shot by Milan Michalek.
19:56 of 3rd period - Deflect By Jarret Stoll.
19:56 of 3rd period - Stopped by Manny Fernandez without a rebound.
19:57 of 3rd period - Rod Brind'Amour wins face-off versus Matt Cullen in Wild zone.


Output by the SimonT Hockey Simulator (STHS) for Stephane Roy -- Original Page W3C XHTML 1.0 Valid